 BcadrenCrawl: Boulder Brew version 0.03.3.1-34-gd247f1d118 (webtiles) character file.

Game seed: 8007560335917378981, levelgen mode: deterministic

116 Chiseanne the Ducker (level 5, -8/36 HPs) Goblin Demonspawn. Began on Mar 19, 2021. Splashed by a jelly's acid (9 damage) ... on level 2 of the Dungeon. The game lasted 00:01:40 (1078 turns).

Chiseanne the Ducker (Goblin Demonspawn)            Turns: 1078, Time: 00:01:40

Health: -8/36      AC: -4    Str:  8    XL:     5 ^: 103
Magic:  6/6        EV: 14    Int:  6    God:
Gold:   65         SH:  0    Dex:  6    Spells: 5/6 levels left

rFire    . . .     Vision   .     - Unarmed
rCold    . . .     Gourm    .     - Unarmed
rNeg     . . .     Faith    .   b - +0 leather armour
rPois    .         Spirit   .   (no helmet)
rElec    .         Reflect  .   (no cloak)
rCorr    .         Harm     .   (no gloves)
MR       .....                  (no boots)
Stlth    +.........             (no amulet)
HPRegen  0.22/turn              (no ring)
MPRegen  0.16/turn              (no ring)

@: corroded
A: small, stagnant stats, goblin's greed, claws 1, low mp 1, mutation resistance
1, powered by pain 2, god's pity 2
a: no special abilities


You were on level 2 of the Dungeon.
You were not hungry.

You visited 1 branch of the dungeon, and saw 2 of its levels.

You collected 54 gold pieces.

Inventory:

Weapons
 w - a +0 hunting sling
Armour
 b - a +0 leather armour (worn)
Scrolls
 c - 2 scrolls of enchantment
Comestibles
 a - 2 chunks of flesh
 d - a ration


   Skills:
 * Level 3.3 Fighting
   Level 2.6 Short Blades
 + Level 2.0 Armour
 * Level 5.2 Dodging
 - Level 2.6 Stealth
 * Level 1.1 Unarmed Combat
 - Level 1.3 Spellcasting
 - Level 2.6 Fire Magic
   Level 4.0 Invocations


You had 5 spell levels left.
You knew the following spells:

 Your Spells              Type           Power        Failure   Level  Hunger
a - Flame Tongue          Fire           3 (30)       17%         1    ##.....

Your spell library contained the following spells:

 Spells                   Type           Power        Failure   Level  Hunger
 Conjure Flame            Fire           3 (100)      45%         3    ####...
 Blink                    Tloc           N/A          61%         2    ###....
 Call Imp                 Summ           0 (100)      61%         2    ###....
 Slow                     Hex            0 (100)      61%         2    ###....
 Mephitic Cloud           Pois/Air       0 (100)      83%         3    ####...


Dungeon Overview and Level Annotations

Branches:
Dungeon (2/8)

Altars:


Innate Abilities, Weirdness & Mutations

Your stats never grow through leveling.
Your goblin ancestry allows you to find more gold. (+20%)
You are small and have problems with some larger weapons.
You have sharp fingernails. (+2 Unarmed)
Your magical capacity is low. (-10% MP)
You are somewhat resistant to further mutation.
You sometimes gain power by taking damage.
The pity of the gods increases the power of your passive and invoked divine abilities.


Message History

You kill the leopard gecko!
You aren't carrying any potions.
Unknown command.
You scratch the jelly (2). The acid corrodes you!
Your claws burn (3).
* * * LOW HITPOINT WARNING * * *
You scratch the jelly but do no damage.
Your claws burn (1).
* * * LOW HITPOINT WARNING * * *
The jelly barely misses you (0).
You scratch the jelly but do no damage. The acid corrodes you!
Your claws burn (1).
* * * LOW HITPOINT WARNING * * *
You scratch the jelly but do no damage.
Your claws burn (1).
* * * LOW HITPOINT WARNING * * *
The jelly blocks your attack.
You scratch the jelly but do no damage.
Your claws burn (1).
* * * LOW HITPOINT WARNING * * *
The jelly hits you (2).
* * * LOW HITPOINT WARNING * * *
You are splashed with acid (9)!
You die...

#####≈..≈.# P≈≈#≈≈.≈≈.#
##..#≈.≈≈≈.#
##...#.≈≈≈≈.###
#....#.≈≈≈≈...
##....≈≈≈≈≈≈≈#
##≈.J.≈#≈≈≈≈≈≈#
##...†@≈#≈≈≈≈≈≈####
##≈...##≈≈.≈≈≈≈.#≈.#####
#≈...†.#..÷.≈≈..##.≈.#≈#
##......##≈.≈≈≈≈...##.#.≈
#≈.....##.≈.≈≈≈≈...##.≈#≈
#..††w.###..≈≈≈≈.##≈#≈###
##.....##≈#.≈≈≈≈.##≈###≈.
#≈.....≈#≈..≈≈≈≈≈#≈≈#≈≈##
#.......#≈#.≈≈≈≈≈##≈#≈##


You could see a jelly.

Vanquished Creatures
  5 giant cockroaches
  2 cinder newts (D:1)
  2 oozes (D:1)
  4 leopard geckos
  A ball python (D:1)
  3 goblins (D:1)
  A hobgoblin (D:1)
  A bat (D:2)
  A kobold (D:1)
  3 rats (D:1)
23 creatures vanquished.

Vanquished Creatures (others)
  A giant cockroach (D:2)
  2 bushes (D:2)
  A slimehead (D:2)
  19 withered plants (D:2)
23 creatures vanquished.

Grand Total: 46 creatures vanquished

Notes
Turn   | Place    | Note
-------+----------+-------------------------------------------
     0 | D:1      | Chiseanne the Goblin Demonspawn began the quest for the
                  | Orb.
     0 | D:1      | Reached XP level 1. HP: 13/13 MP: 2/2
    60 | D:1      | Gained mutation: You sometimes gain a little power by
                  | taking damage. [demonic ancestry]
    60 | D:1      | Reached XP level 2. HP: 19/19 MP: 3/3
   137 | D:1      | Reached skill level 1 in Armour
   137 | D:1      | Gained mutation: You sometimes gain power by taking damage.
                  | [demonic ancestry]
   137 | D:1      | Reached XP level 3. HP: 20/25 MP: 4/4
   474 | D:1      | Gained mutation: You have sharp fingernails. (+2 Unarmed)
                  | [demonic ancestry]
   474 | D:1      | Reached XP level 4. HP: 30/30 MP: 5/5
  1029 | D:2      | Reached skill level 5 in Dodging
  1043 | D:2      | Reached skill level 1 in Unarmed Combat
  1043 | D:2      | Reached XP level 5. HP: 36/36 MP: 6/6
  1078 | D:2      | HP: 1/36 [jelly (2)]
  1078 | D:2      | Splashed by a jelly's acid

Levels and vault maps discovered:
D:1:      onia_arrival_pyramid, layout_loops_corners, minmay_stone_trees_small,
          roderic_lattice_a, kennysheep_generic_room_4
D:2:      layout_sewer, chequers_temple_overflow_statue_of_worship,
          gammafunk_temple_overflow_forgotten, sewer_frog_pond, serial_shops,
          shop, first_ration

Skill      XL: |  1  2  3  4  5 |
---------------+----------------+-----
Fighting       | 2 3 |  3.3
Armour         | 1 2 |  2.0
Dodging        | 5 |  5.2
Unarmed Combat | 1 |  1.1
Short Blades   | |  2.6
Stealth        | |  2.6
Spellcasting   | |  1.3
Fire Magic     | |  2.6
Invocations    | |  4.0

Action                   |  1- 3 |  4- 6 || total
-------------------------+-------+-------++-------
Melee: Rapier            |    33 |       ||    33
       Unarmed           |    13 |   128 ||   141
       Spear             |    14 |       ||    14
 Stab: Sleeping          |     1 |     1 ||     2
  Eat: Chunk             |       |     1 ||     1
Armor: Leather armour    |     2 |    10 ||    12
Dodge: Dodged            |    33 |    34 ||    67
